 Dungeon Crawl Stone Soup version 0.17.1-1-g73c8601 (console) character file.

146464 Kloppie the Bludgeoner (level 17, -1/100 HPs)
             Began as a Vine Stalker Gladiator on Dec 27, 2015.
             Was the Champion of Kikubaaqudgha.
             Slain by a deep elf blademaster
             ... wielding a +0 rapier of freezing
              (3 damage)
             ... on level 3 of the Elven Halls.
             The game lasted 01:25:55 (28772 turns).

Kloppie the Bludgeoner (Vine Stalker Gladiator)    Turns: 28772, Time: 01:25:55

Health: -1/100     AC: 18    Str: 23    XL:     17   Next: 44%
Magic:  0/27       EV: 18    Int:  5    God:    Kikubaaqudgha [******]
Gold:   2016       SH:  5    Dex: 16    Spells: 0 memorised, 16 levels left

rFire  + . .     SeeInvis +     a - +0 morningstar (elec)
rCold  + . .     Clarity  .     s - +2 ring mail {rC+}
rNeg   + . .     SustAt   .     A - +0 buckler
rPois  .         Gourm    +     m - +1 helmet
rElec  +         Spirit   +     y - +2 cloak
rCorr  .         Warding  .     r - +0 pair of gloves of the Empire {Int-3 Slay+6} (curse)
rMut   .         Stasis   .     w - +0 pair of boots
MR     ++++.                    N - amulet "Weemefol" {Gourm rElec rN+ MR+}
Stlth  +.........               X - ring of Elacuid {MR+ MP+9 Str+4 Dex-5 SInv}
                                t - ring of protection from fire

@: lethally poisoned (-1 -> -1), about to teleport, drained, incredibly
resistant to hostile enchantments, very unstealthy
A: fangs 3, regeneration 3, magic shield, antimagic bite, no device heal 3, rot
immunity
a: Receive Corpses, Torment, Brand Weapon With Pain, Receive Necronomicon,
Renounce Religion


You were on level 3 of the Elven Halls.
You worshipped Kikubaaqudgha.
Kikubaaqudgha was exalted by your worship.
You were very full.

You visited 5 branches of the dungeon, and saw 31 of its levels.
You also visited: Ice Cave.

You collected 3228 gold pieces.
You spent 1212 gold pieces at shops.

Inventory:

Hand Weapons
 a - a +0 morningstar of electrocution (weapon)
 b - a +3 flail of holy wrath
Missiles
 d - a throwing net (quivered)
Armour
 m - a +1 helmet (worn)
 r - the cursed +0 pair of gloves of the Empire (worn) {Int-3 Slay+6}
   (You found it on level 4 of the Lair of Beasts)

   It affects your intelligence (-3).
   It affects your accuracy and damage with ranged weapons and melee attacks
   (+6).
   It has a curse placed upon it.
 s - a +2 ring mail of cold resistance (worn)
 w - a +0 pair of boots (worn)
 y - a +2 cloak (worn)
 A - a +0 buckler (worn)
Jewellery
 t - a ring of protection from fire (left hand)
 u - an uncursed ring of ice
 v - an uncursed amulet of resist corrosion
 C - a +3 ring of protection
 G - an uncursed amulet of clarity
 N - the amulet "Weemefol" (around neck) {Gourm rElec rN+ MR+}
   (You found it on level 7 of the Lair of Beasts)

   [amulet of the gourmand]

   It allows you to eat raw meat even when not hungry.
   It insulates you from electricity.
   It protects you from negative energy.
   It affects your resistance to hostile enchantments.
 X - the ring of Elacuid (right hand) {MR+ MP+9 Str+4 Dex-5 SInv}
   (You found it on level 8 of the Lair of Beasts)

   [ring of strength]

   It affects your strength (+4).
   It affects your dexterity (-5).
   It affects your resistance to hostile enchantments.
   It affects your magic capacity (+9).
   It lets you see invisible.
Wands
 q - a wand of paralysis (10)
 F - a wand of polymorph (15)
 L - a wand of digging (7)
 O - a wand of draining (5)
 W - a wand of fire (7)
Scrolls
 c - 6 scrolls of fear
 o - 6 scrolls of teleportation
 p - a scroll of silence
 x - a scroll of enchant weapon
 D - a scroll of recharging
 K - 9 scrolls of remove curse
 Q - a scroll of enchant armour
Potions
 f - 4 potions of cancellation
 g - 2 potions of haste
 j - a potion of magic
 k - 7 potions of lignification
 l - 10 potions of curing
 n - 2 potions of resistance
 E - 2 potions of berserk rage {unknown}
 I - a potion of might
 U - 2 potions of flight
 Y - a potion of agility
Books
 i - Kikubaaqudgha's Disquisition on Unholy Magic
   (Kikubaaqudgha gifted it to you on level 11 of the Dungeon)

   Spells                             Type                      Level
   a - Agony                          Necromancy                   5
   b - Cigotuvi's Embrace             Necromancy                   5
   c - Dispel Undead                  Necromancy                   5
   d - Simulacrum                     Ice/Necromancy               6
   e - Death Channel                  Necromancy                   6
 B - Kikubaaqudgha's Guide on Evil Secrets
   (Kikubaaqudgha gifted it to you on level 7 of the Dungeon)

   Spells                             Type                      Level
   a - Pain                           Necromancy                   1
   b - Corpse Rot                     Necromancy                   2
   c - Sublimation of Blood           Necromancy                   2
   d - Regeneration                   Charms/Necromancy            3
   e - Control Undead                 Necromancy                   4
Comestibles
 e - 16 bread rations
 h - 13 meat rations
 z - 11 royal jellies
 H - 2 beef jerkies


   Skills:
 + Level 15.8(15.5) Fighting
 + Level 16.0(15.8) Maces & Flails
 - Level 1.7(1.6) Throwing
 - Level 11.1(10.9) Armour
 + Level 10.7(10.5) Dodging
 - Level 4.0(3.8) Shields


You had 16 spell levels left.
You didn't know any spells.

Dungeon Overview and Level Annotations

Branches:
Dungeon (15/15)            Temple (1/1) D:6            Lair (8/8) D:11
 Shoals (0/4) Lair:4       Spider (0/4) Lair:4        Slime (0/6) Lair:8
    Orc (4/4) D:12            Elf (3/3) Orc:3        Vaults (0/5) D:13
 Depths (0/5) D:15

Altars:
Ashenzari
Cheibriados
Dithmenos
Elyvilon
Fedhas
Gozag
Kikubaaqudgha
Makhleb
Nemelex Xobeh
Okawaru
Qazlal
Ru
Sif Muna
Trog
Vehumet
Xom
Yredelemnul
Zin
The Shining One
Beogh

Shops:
D:5 (   D:8 ?   D:10 !   D:13 [   Orc:4 *?:(   Elf:3 [*=

Portals:
Trove: Elf:2 (give +4 ice dragon armour)

Annotations:
D:3 dalle's ghost, weakling HaHu
D:4 gooby's ghost, amateur DsAK
D:7 Joseph
Elf:2 3 runed doors, exclusion: Roxanne, Roxanne


Innate Abilities, Weirdness & Mutations

You have razor-sharp teeth.
You regenerate.
When hurt, damage is shared between your health and your magic reserves.
Your bite disrupts and absorbs the magic of your enemies.
Potions and wands cannot restore your health.
You are immune to rotting.


Message History

The deep elf blademaster hits you with a rapier of freezing.
* * * LOW HITPOINT WARNING * * *
The deep elf blademaster freezes you.
The deep elf blademaster hits you with a rapier!
* * * LOW HITPOINT WARNING * * *
Evoke which item? (* to show all) (? for menu, Esc to quit)
Okay, then.
What do you say? t - Shout!
Orders for allies: a - Attack new target. r - Retreat! s - Stop attacking. w - Wait here. f - Follow me.
Anything else - Stay silent.
Okay, then.
Read which item? (? for menu, Esc to quit)
As you read the scroll of teleportation, it crumbles to dust.
You feel strangely unstable.
You feel sick. The blue devil misses you.
The deep elf blademaster hits you with a rapier of freezing!
You die...
Kikubaaqudgha rasps: "You have failed me!
Welcome... death!"

#..# #...........# #..#
###..########.# #..#
#.....# ##'### #..#
#!##.(# ##....##
#..####.##..# ##......#
#..[...§.[..# ##........
#.....§x§...# #.........
##..###4##..###.).......
#..# #@##....'.[......#
#..# #e###.###.......##
#..# #e# #.# #......##
#..# #§# #.# ##....##
#### #e# ### ######
####e# ###..ee#
###...ee.###
##..........####


You could see a deep elf blademaster, a deep elf high priest, a blue devil and a
small abomination.

Vanquished Creatures
  2 deep elf master archers (Elf:3)
  An orc warlord (Orc:4)
  3 deep elf sorcerers
  The ghost of Timinator the Brawler, a journeyman TrCK of Xom (Lair:7)
  A stone giant (Orc:4)
  The ghost of Arkorax the Fighter, a journeyman DrGl of Ashenzari (Lair:6)
  4 deep elf demonologists (Elf:3)
  7 deep elf annihilators
  Snorg (Orc:3)
  A deep elf death mage (Elf:3)
  2 deep elf high priests
  5 hydras
  The ghost of Arkorax the Destroyer, a journeyman DrCj of Sif Muna (D:11)
  Erica (D:11)
  4 dancing weapons
  An ogre mage (D:15)
  2 centaur warriors
  9 death yaks
  A tengu warrior (D:15)
  4 deep elf knights
  4 orc high priests (Orc:4)
  An unseen horror (D:14)
  An ice devil (IceCv)
  A fire crab (Lair:8)
  A necromancer (IceCv)
  8 deep elf summoners
  15 deep elf conjurers
  An oklob plant (Lair:8)
  5 hill giants
  3 wizards (D:15)
  3 orc knights (Orc:4)
  3 orc sorcerers (Orc:4)
  3 griffons
  The ghost of SirMumm the Thaumaturge, a novice DEWz of Vehumet (D:7)
  An orb spider (Lair:4)
  3 ugly things (D:15)
  5 cyclopes
  A manticore (D:13)
  3 elephants (Lair:7)
  A naga mage (D:15)
  Maurice (D:13)
  3 ice statues (IceCv)
  3 centaur zombies
  20 spiny frogs
  4 kobold demonologists
  5 komodo dragons
  3 black mambas
  A gargoyle (D:13)
  8 fire drakes
  2 tengu conjurers
  16 deep elf priests
  4 blue devils (IceCv)
  7 trolls
  6 polar bears
  A small abomination (Elf:3)
  8 two-headed ogres
  A blink frog (shapeshifter) (D:12)
  2 slime creatures (Lair:8)
  2 trapdoor spiders
  A snapping turtle (Lair:4)
  25 blink frogs
  12 spriggans (Lair:8)
  2 shadows
  21 deep elf magi
  A golden eye (shapeshifter) (Elf:2)
  2 wyverns
  5 redbacks (Lair:8)
  10 basilisks
  21 hippogriffs
  45 yaks
  A hungry ghost (D:12)
  4 vampire mosquitoes (D:12)
  Menkaure (D:4)
  18 deep elf fighters
  2 soldier ants (D:8)
  34 wolves
  7 wargs
  13 water moccasins
  2 sky beasts
  A hell hound (Lair:5)
  17 porcupines
  13 ice beasts
  4 wasps (Lair:8)
  6 black bears
  An eye of draining (D:14)
  2 necrophages
  17 ogres
  3 phantoms
  44 orc warriors
  9 centaurs
  15 crocodiles
  Blork the orc (D:5)
  A brain worm (D:14)
  19 giant frogs
  6 big kobolds
  12 killer bees
  2 scorpions
  A quasit (D:9)
  11 crimson imps
  10 hounds
  44 orc wizards
  2 draconian simulacra (IceCv)
  An iron imp (D:5)
  5 centaur skeletons
  A giant frog skeleton (D:4)
  33 orc priests
  4 jellies
  12 iguanas
  13 worker ants
  34 sheep
  3 troll simulacra (IceCv)
  3 centaur simulacra (IceCv)
  2 hound zombies
  2 worker ant zombies
  3 adders
  69 river rats
  A naga simulacrum (IceCv)
  An ogre simulacrum (IceCv)
  5 shadow imps
  A white imp (D:9)
  An ooze (D:5)
  An adder skeleton (D:7)
  An adder zombie (D:5)
  2 worms
  2 giant geckos
  261 orcs
  A giant cockroach (D:2)
  5 goblins
  8 hobgoblins
  7 jackals
  21 kobolds
  7 quokkas
  2 ball pythons
  8 bats
  A giant cockroach zombie (D:5)
  2 giant newts (D:6)
  A jackal zombie (D:6)
  A quokka skeleton (D:8)
  7 rats
1213 creatures vanquished.

Vanquished Creatures (others)
  A deep elf fighter (Elf:1)
  2 sheep (D:15)
  40 fungi
  4 plants
47 creatures vanquished.

Grand Total: 1260 creatures vanquished

Notes
Turn   | Place    | Note
--------------------------------------------------------------
     0 | D:1      | Kloppie the Vine Stalker Gladiator began the quest for the Orb.
     0 | D:1      | Reached XP level 1. HP: 11/11 MP: 2/2
   126 | D:1      | Reached XP level 2. HP: 13/15 MP: 3/3
   456 | D:1      | Reached skill level 3 in Maces & Flails
   688 | D:2      | Reached XP level 3. HP: 15/19 MP: 2/4
   736 | D:2      | Reached skill level 1 in Armour
  1315 | D:3      | Found a shattered altar of Ashenzari.
  1412 | D:3      | Reached XP level 4. HP: 23/23 MP: 5/5
  1517 | D:3      | Noticed dalle's ghost (weakling HaHu)
  1590 | D:4      | Reached XP level 5. HP: 8/28 MP: 4/6
  1817 | D:4      | Reached skill level 4 in Maces & Flails
  1859 | D:4      | Noticed Menkaure
  1872 | D:4      | Killed Menkaure
  1872 | D:4      | Gained mutation: You heal very quickly. [Vine Stalker growth]
  1872 | D:4      | Reached XP level 6. HP: 21/33 MP: 7/7
  2054 | D:4      | Noticed a phantom
  2083 | D:4      | Killed a phantom
  2083 | D:4      | Reached XP level 7. HP: 24/37 MP: 6/8
  2199 | D:4      | Noticed gooby's ghost (amateur DsAK)
  2259 | D:5      | Entered Level 5 of the Dungeon
  2274 | D:5      | Found a shadowy altar of Dithmenos.
  2342 | D:5      | Reached skill level 5 in Maces & Flails
  2483 | D:5      | Gained mutation: You have razor-sharp teeth. [Vine Stalker growth]
  2483 | D:5      | Reached XP level 8. HP: 29/42 MP: 9/9
  2528 | D:5      | Found a burning altar of Makhleb.
  2534 | D:5      | Reached skill level 5 in Fighting
  2835 | D:5      | Noticed Blork the orc
  2853 | D:5      | Killed Blork the orc
  2863 | D:5      | Reached skill level 6 in Maces & Flails
  2954 | D:5      | Found Kiawu's Antique Weapon Shop.
  3447 | D:6      | Reached skill level 5 in Armour
  3533 | D:6      | Reached XP level 9. HP: 48/48 MP: 10/10
  3547 | D:6      | Found a staircase to the Ecumenical Temple.
  3560 | Temple   | Entered the Ecumenical Temple
  3646 | Temple   | Became a worshipper of Kikubaaqudgha
  3744 | D:6      | Found a shimmering altar of Xom.
  3958 | D:7      | Reached skill level 7 in Maces & Flails
  4279 | D:7      | Found a deep blue altar of Sif Muna.
  4320 | D:7      | Noticed SirMumm's ghost (novice DEWz)
  4351 | D:7      | Killed SirMumm's ghost
  4629 | D:7      | Reached * piety under Kikubaaqudgha
  4629 | D:7      | Received a gift from Kikubaaqudgha
  4635 | D:7      | Identified Kikubaaqudgha's Guide on Evil Secrets (Kikubaaqudgha gifted it to you on level 7 of the Dungeon)
  4717 | D:7      | Noticed Joseph
  4879 | D:8      | Reached XP level 10. HP: 49/55 MP: 9/11
  4966 | D:8      | Found Bidiv's Magic Scroll Shoppe.
  5048 | D:8      | Reached skill level 8 in Maces & Flails
  5145 | D:8      | Found an opulent altar of Gozag.
  5342 | D:8      | Found a bloodstained altar of Trog.
  5704 | D:9      | Found a sacrificial altar of Ru.
  5756 | D:9      | Reached ** piety under Kikubaaqudgha
  6599 | D:10     | Entered Level 10 of the Dungeon
  6599 | D:10     | Found Voaliem's Distillery.
  6618 | D:10     | Bought a potion of degeneration for 17 gold pieces
  6618 | D:10     | Bought a potion of curing for 51 gold pieces
  6618 | D:10     | Bought a potion of might for 68 gold pieces
  6759 | D:10     | Reached skill level 9 in Maces & Flails
  7140 | D:10     | Noticed a hill giant
  7163 | D:10     | Killed a hill giant
  7163 | D:10     | Reached XP level 11. HP: 60/62 MP: 12/12
  7724 | D:11     | Reached *** piety under Kikubaaqudgha
  7724 | D:11     | Received a gift from Kikubaaqudgha
  7735 | D:11     | Identified Kikubaaqudgha's Disquisition on Unholy Magic (Kikubaaqudgha gifted it to you on level 11 of the Dungeon)
  7881 | D:11     | Found a staircase to the Lair.
  8011 | D:11     | Noticed Erica
  8043 | D:11     | Killed Erica
  8286 | D:11     | Noticed a five-headed hydra
  8297 | D:11     | Killed a five-headed hydra
  8300 | D:11     | Reached skill level 10 in Maces & Flails
  8366 | Lair:1   | Entered Level 1 of the Lair of Beasts
  8537 | Lair:1   | Reached skill level 10 in Fighting
  8860 | Lair:1   | Gained mutation: You regenerate. [Vine Stalker growth]
  8860 | Lair:1   | Reached XP level 12. HP: 59/67 MP: 10/13
  9464 | Lair:2   | Reached **** piety under Kikubaaqudgha
  9834 | Lair:2   | Noticed an eight-headed hydra
  9839 | Lair:2   | Reached skill level 11 in Maces & Flails
  9845 | Lair:2   | Killed an eight-headed hydra
  9854 | Lair:2   | HP: 3/69 [black mamba (3)]
 11013 | Lair:4   | Reached ***** piety under Kikubaaqudgha
 11091 | Lair:4   | Noticed a death yak
 11092 | Lair:4   | Noticed a death yak
 11092 | Lair:4   | Noticed a death yak
 11094 | Lair:4   | Got a pair of ancient gloves
 11127 | Lair:3   | Killed a death yak
 11127 | Lair:3   | Reached skill level 10 in Armour
 11139 | Lair:3   | Identified the cursed +0 pair of gloves of the Empire {Int-3 Slay+6} (You found it on level 4 of the Lair of Beasts)
 11145 | Lair:3   | Killed a death yak
 11149 | Lair:3   | Killed a death yak
 11340 | Lair:4   | Reached XP level 13. HP: 74/74 MP: 14/14
 11492 | Lair:4   | Found a hole to the Spider Nest.
 11621 | Lair:4   | Noticed a death yak
 11638 | Lair:4   | Killed a death yak
 11717 | Lair:4   | Found a staircase to the Shoals.
 12085 | Lair:5   | Reached skill level 12 in Maces & Flails
 12757 | Lair:6   | Noticed Arkorax's ghost (journeyman DrGl)
 13067 | D:12     | Found a staircase to the Orcish Mines.
 13193 | D:12     | Got a fine robe
 13194 | D:12     | Identified the +1 robe of the Monkey's Uncle {rC+} (You found it on level 12 of the Dungeon)
 13890 | D:12     | Reached ****** piety under Kikubaaqudgha
 13950 | Orc:1    | Entered Level 1 of the Orcish Mines
 14775 | Orc:3    | Found a frozen archway.
 14807 | Orc:3    | Reached XP level 14. HP: 45/81 MP: 15/15
 14865 | IceCv    | Entered an ice cave
 15295 | IceCv    | Reached skill level 13 in Fighting
 16293 | Orc:3    | Found a staircase to the Elven Halls.
 16293 | Orc:3    | Noticed Snorg
 16305 | Orc:3    | Killed Snorg
 16421 | Orc:4    | Entered Level 4 of the Orcish Mines
 16967 | Orc:4    | Noticed a stone giant
 16977 | Orc:4    | Killed a stone giant
 17361 | Orc:4    | Identified the Papyrus of Good Luck
 17632 | Orc:4    | Noticed an orc warlord
 17721 | Orc:4    | Killed an orc warlord
 17721 | Orc:4    | Reached skill level 5 in Dodging
 17764 | Orc:4    | Found a roughly hewn altar of Beogh.
 17986 | Orc:4    | Found Moshap's Weapon Boutique.
 18097 | Orc:4    | Found Tohyodd's Book Emporium.
 18436 | Orc:4    | Found a roughly hewn altar of Beogh.
 18522 | Orc:4    | Found Neofoz's Assorted Antiques.
 18535 | Orc:4    | Bought a slimy chain mail for 275 gold pieces
 18535 | Orc:4    | Identified the +3 chain mail "Vijihiapru" {MR+ Dex+4} (You bought it in a shop on level 4 of the Orcish Mines)
 18542 | Orc:4    | Found Bivi's Magic Scroll Shop.
 18961 | D:11     | Noticed Arkorax's ghost (journeyman DrCj)
 18972 | D:11     | Killed Arkorax's ghost
 19370 | Lair:6   | Killed Arkorax's ghost
 19677 | Lair:6   | Reached XP level 15. HP: 76/87 MP: 16/16
 20071 | Lair:7   | Got an ancient garnet amulet
 20072 | Lair:7   | Noticed Timinator's ghost (journeyman TrCK)
 20132 | Lair:7   | Killed Timinator's ghost
 20369 | Lair:7   | Reached skill level 14 in Fighting
 21211 | Lair:8   | Entered Level 8 of the Lair of Beasts
 21669 | Lair:8   | Identified the amulet "Weemefol" {Gourm rElec rN+ MR+} (You found it on level 7 of the Lair of Beasts)
 22541 | Lair:8   | Got a glittering copper ring
 22761 | Lair:8   | Found a staircase to the Slime Pits.
 23055 | D:13     | Noticed Maurice
 23064 | D:13     | Killed Maurice
 23501 | D:13     | Found Noiluh's Armour Emporium.
 23722 | D:13     | Found a gate to the Vaults.
 23734 | D:13     | Reached skill level 1 in Shields
 23767 | D:13     | Reached XP level 16. HP: 93/93 MP: 17/17
 24628 | D:15     | Entered Level 15 of the Dungeon
 25135 | D:15     | Reached skill level 15 in Maces & Flails
 25162 | D:15     | Found a staircase to the Depths.
 25378 | D:15     | Identified the ring of Elacuid {MR+ MP+9 Str+4 Dex-5 SInv} (You found it on level 8 of the Lair of Beasts)
 25727 | Elf:1    | Entered Level 1 of the Elven Halls
 26193 | Elf:1    | Reached skill level 15 in Fighting
 27217 | Elf:2    | Noticed Roxanne
 27262 | Elf:2    | Found a runed gate.
 27262 | Elf:2    | Found a runed gate.
 27262 | Elf:2    | Found a runed gate.
 27385 | Elf:2    | Reached skill level 10 in Dodging
 27495 | Elf:2    | Found a portal to a secret trove of treasure.
 27682 | Elf:3    | Entered Level 3 of the Elven Halls
 27790 | Elf:3    | Found Layzyps's Armour Boutique.
 27798 | Elf:3    | Bought a +2 ring mail of cold resistance for 441 gold pieces
 27984 | Elf:3    | Reached XP level 17. HP: 59/99 MP: 18/18
 28156 | Elf:3    | Found Ifoa's Jewellery Shop.
 28164 | Elf:3    | Bought an uncursed amulet of clarity for 360 gold pieces
 28260 | Elf:3    | Found Layzyps's Elven Fire.
 28571 | Elf:3    | Noticed a deep elf master archer
 28585 | Elf:3    | Killed a deep elf master archer
 28682 | Elf:3    | Noticed a deep elf master archer
 28707 | Elf:3    | Reached skill level 16 in Maces & Flails
 28763 | Elf:3    | Noticed a deep elf blademaster
 28769 | Elf:3    | Killed a deep elf master archer
 28771 | Elf:3    | HP: 2/100 [deep elf blademaster/rapier of freezing (6)]
 28772 | Elf:3    | Slain by a deep elf blademaster

Action                   |  1- 3 |  4- 6 |  7- 9 | 10-12 | 13-15 | 16-18 || total
-------------------------+-------+-------+-------+-------+-------+-------++-------
Melee: Flail             |   116 |    79 |   319 |   905 |   390 |       ||  1809
       Morningstar       |       |       |       |       |  1423 |   618 ||  2041
Throw: Throwing net      |       |     2 |     8 |     1 |       |       ||    11
Evoke: Wand              |       |       |     3 |     5 |       |       ||     8
  Use: Scroll            |       |       |    11 |    10 |     9 |    10 ||    40
       Potion            |       |       |     1 |     5 |     1 |       ||     7
 Stab: Held in net/web   |       |       |     7 |     1 |       |       ||     8
       Confused          |       |       |       |     3 |       |       ||     3
  Eat: Chunk             |     1 |     3 |     8 |    19 |    58 |    15 ||   104
       Beef jerky        |       |       |     1 |       |       |       ||     1
       Fruit             |       |       |       |     1 |       |       ||     1
       Pizza             |       |       |       |     1 |     1 |       ||     2
       Bread ration      |       |       |       |       |     1 |       ||     1
       Royal jelly       |       |       |       |       |     1 |       ||     1
